AoeStats
← PREDA_JUANK

Black Forest

510423708Analyzed
4v4 RM · 2d ago on Sep 30, 2026· 52m 53s· 8 players
Game mode
Random Map
Map size
Large (8 player)
Population
200
Speed
Normal
Resources
Standard
Victory
Conquest
Starting age
Dark Age
Ending age
Imperial Age
RankedLock teamsTeams togetherTeam positionsShared explorationLock speedFull tech treeHidden civsTurbo modeCheats
Victory
Defeat
🇬🇷 Britons · Greece
861
+17
🇪🇸 Turks · Spain
836
+18
🇺🇸 Bulgarians · United States
788
+20
🇺🇸 Byzantines · United States
778
+20
🇨🇱 Gurjaras · Chile
925
-21
🇧🇴 Bengalis · Bolivia
919
-20
🇨🇱 Malians · Chile
863
-18
🇨🇱 Koreans · Chile
812
-16
Bakumian
10:11 Feudal Age
10:41 Double-Bit Axe
20:00 Castle Age
18:50 Scale Barding Armor
18:57 Forging
18:47 Horse Collar
21:02 Wheelbarrow
23:22 Light Cavalry
24:42 Bow Saw
26:35 Bloodlines
30:10 Hand Cart
29:40 Loom
29:41 Town Watch
35:16 Iron Casting
35:01 Chain Barding Armor
37:59 Imperial Age
37:48 Coinage
39:26 Hussar
41:09 Kshatriyas
44:02 Husbandry
46:07 Onager
Edcastillo
0:28 Loom
12:10 Feudal Age
13:50 Horse Collar
19:41 Castle Age
18:29 Forging
18:41 Double-Bit Axe
24:45 Wheelbarrow
26:03 Pikeman
26:45 Squires
26:30 Gambesons
27:48 Bow Saw
29:21 Iron Casting
28:46 Scale Mail Armor
28:57 Scale Barding Armor
29:12 Hand Cart
29:49 Gold Mining
32:36 Heavy Plow
33:34 Chain Mail Armor
36:00 Imperial Age
35:01 Chain Barding Armor
34:47 Husbandry
34:57 Bloodlines
35:55 Arson
37:50 Blast Furnace
36:30 Halberdier
38:55 Two-Man Saw
40:41 Plate Barding Armor
42:29 Elite Ratha (Ranged)
48:41 Fletching
48:51 Padded Archer Armor
48:49 Onager
PREDA_JUANK
0:32 Loom
15:23 Feudal Age
20:05 Castle Age
21:13 Horse Collar
21:24 Double-Bit Axe
26:05 Bow Saw
27:40 Gold Mining
33:06 Fletching
33:46 Bodkin Arrow
34:39 Eupseong
41:22 Imperial Age
39:57 Caravan
44:18 Two-Man Saw
44:41 Wheelbarrow
44:21 Bracer
44:32 Forging
44:22 Scale Mail Armor
44:23 Stone Mining
44:22 Elite War Wagon
46:48 Heavy Rocket Cart
48:32 Chemistry
47:54 Ballistics
ediazamaya0
1:13 Loom
13:25 Feudal Age
15:12 Wheelbarrow
14:23 Town Watch
15:42 Town Watch
20:25 Padded Archer Armor
20:28 Scale Mail Armor
20:35 Scale Barding Armor
20:22 Fletching
20:43 Forging
21:46 Arson
21:22 Man-at-Arms
25:50 Castle Age
31:05 Ballistics
31:05 Caravan
32:34 Hand Cart
45:51 Town Patrol
MousePuddles
0:29 Loom
17:51 Feudal Age
18:33 Double-Bit Axe
18:31 Horse Collar
24:06 Castle Age
32:18 Imperial Age
31:10 Fortified Wall
33:10 Ballistics
34:37 Chemistry
33:30 Guard Tower
38:54 Caravan
40:10 Fletching
45:46 Bow Saw
45:40 Heavy Plow
45:42 Gold Mining
AhMeskoozy
17:18 Feudal Age
17:30 Feudal Age
22:49 Castle Age
20:47 Loom
21:38 Wheelbarrow
26:45 Bloodlines
26:39 Husbandry
32:42 Gold Mining
32:41 Double-Bit Axe
35:00 Bow Saw
37:57 Horse Collar
38:36 Hand Cart
40:23 Scale Barding Armor
40:33 Forging
42:58 Imperial Age
43:29 Chain Barding Armor
43:45 Iron Casting
43:09 Cavalier
44:40 Plate Barding Armor
47:35 Gold Shaft Mining
46:57 Stone Mining
47:11 Heavy Plow
48:19 Blast Furnace
Carapenev420
0:31 Loom
13:13 Feudal Age
19:05 Castle Age
19:08 Horse Collar
19:17 Double-Bit Axe
21:29 Wheelbarrow
20:40 Town Watch
21:54 Bow Saw
25:01 Heavy Plow
25:24 Gold Mining
28:02 Hand Cart
27:58 Town Patrol
30:31 Stone Mining
31:17 Gold Shaft Mining
33:21 Imperial Age
31:34 Padded Archer Armor
31:25 Fletching
32:07 Scale Barding Armor
32:13 Forging
34:23 Elite Janissary
35:49 Bloodlines
35:40 Husbandry
37:08 Conscription
38:16 Chain Barding Armor
38:11 Leather Archer Armor
37:52 Bodkin Arrow
38:32 Iron Casting
40:34 Heavy Camel Rider
46:55 Ring Archer Armor
46:26 Bracer
47:26 Blast Furnace
47:09 Plate Barding Armor
46:58 Ballistics
46:37 Murder Holes
49:12 Heavy Scorpion
Mr Seymour Guado
1:59 Loom
16:16 Feudal Age
17:35 Wheelbarrow
16:42 Horse Collar
16:51 Double-Bit Axe
17:00 Stone Mining
23:07 Castle Age
24:27 Hand Cart
24:24 Bow Saw
24:21 Heavy Plow
24:14 Gold Mining
35:03 Yeomen
37:43 Imperial Age
37:14 Fortified Wall
37:25 Ballistics
36:48 Treadmill Crane
37:14 Fletching
37:25 Padded Archer Armor
39:29 Chemistry
38:29 Murder Holes
38:59 Conscription
41:35 Heated Shot
41:59 Masonry
41:55 Siege Engineers
43:00 Pikeman
43:26 Gambesons
43:47 Squires
46:49 Sappers
48:04 Halberdier
50:28 Bodkin Arrow
50:48 Leather Archer Armor
52:09 Elite Longbowman
52:15 Elite Longbowman
Connection lost

Rejoining the realm…

Still unreachable

The connection could not be restored.

Session expired

The server has moved on; the page needs a fresh start.